Map: Jagannatha LE

Players

ExpecT

  • Race: Terran Terran
  • Spawn Location: 7:00

GogojOey - Winner!

  • Race: Zerg Zerg
  • Spawn Location: 1:00

Event: DreamHack SC2 Masters 2020 Winter

VOD

Have the link to the VOD?

Description

Time

  • Played on: Oct. 15, 2020, 7:19 a.m.
  • Length: 12:35

All games in this series

Show
View Real Time Build Order
Export as new Build Order

ExpecT Terran 

Build Orders: Liberator Opening, Reaper Expand 

Get SALT Encoding   

  12  0:00  SCV  
  13  0:12  SCV  
  14  0:18  Supply Depot  
  14  0:24  SCV  
  15  0:40  SCV, Barracks  
  16  0:45  Refinery  
  16  0:52  SCV  
  17  1:04  SCV  
  18  1:16  SCV  
  19  1:28  Reaper  
  19  1:29  Orbital Command  
  20  1:40  Command Center  
  20  1:51  Supply Depot  
  20  1:54  SCV  
  21  2:01  Marine  
  21  2:07  Factory  
  22  2:09  SCV  
  22  2:15  Refinery  
  23  2:21  SCV  
  24  2:24  Barracks Reactor  
  24  2:35  SCV  
  25  2:47  SCV  
  26  2:53  Orbital Command, Starport  
  26  3:03  SCV  
  27  3:08  Hellion x2  
  31  3:12  Barracks Tech Lab  
  31  3:15  SCV  
  33  3:20  SCV  
  33  3:28  SCV  
  33  3:33  SCV, Supply Depot, Liberator  
  38  3:37  Hellion x2  
  38  3:40  SCV  
  43  3:45  SCV  
  44  3:52  SCV  
  45  3:56  Supply Depot  
  45  3:59  Hellion x2  
  45  4:01  SCV  
  50  4:04  SCV  
  50  4:08  Armory  
  51  4:14  SCV  
  51  4:16  SCV  
  53  4:19  Supply Depot  
  53  4:33  Bunker  
  53  4:34  Bunker, Liberator  
  56  4:40  Bunker  
  56  4:42  SCV x2  
  56  4:44  Command Center, Siege Tank  
  56  4:45  Supply Depot  
  61  4:46  Marine x2  
  61  4:50  Supply Depot  
  63  5:04  Marine x2  
  64  5:16  Barracks x2  
  64  5:17  Siege Tank  
  64  5:18  SCV  
  64  5:19  SCV  
  69  5:22  Marine x2, Liberator  
  73  5:37  Supply Depot x2  
  73  5:48  SCV  
  70  5:52  SCV  
  68  6:02  Marine x2  
  68  6:03  Siege Tank  
  59  6:14  Marine x2  
  59  6:16  SCV x2  
  63  6:20  Marine x2  
  61  6:33  SCV x2  
  61  6:38  Marine x2  
  62  6:41  Barracks Tech Lab  
  62  6:42  Orbital Command  
  62  6:43  Starport Reactor  
  62  6:45  SCV x2, Factory Tech Lab  
  64  6:51  Stimpack, Marine  
  65  6:55  Marine  
  65  6:58  Engineering Bay  
  65  6:59  SCV x2, Engineering Bay  
  68  7:04  Marine x2  
  70  7:09  Refinery x2  
  70  7:12  Orbital Command  
  70  7:16  Barracks  
  70  7:18  Barracks  
  70  7:19  SCV x2  
  72  7:26  Medivac x2, Combat Shield  
  72  7:27  Marine x4  
  80  7:35  SCV x2  
  82  7:40  SCV  
  82  7:42  Supply Depot  
  82  7:43  Supply Depot  
  83  7:47  SCV x2, Terran Infantry Weapons Level 1, Terran Infantry Armor Level 1  
  83  7:50  Siege Tank  
  88  7:56  SCV  
  88  7:57  Marine x4  
  93  7:59  SCV x2  
  95  8:09  Barracks Reactor  
  95  8:10  Barracks Reactor  
  95  8:19  Marine x3  
  88  8:20  Marine  
  88  8:23  Supply Depot, Siege Tank  
  88  8:25  SCV x3, Supply Depot  
  96  8:29  Medivac x2  
  100  8:34  Refinery  
  100  8:35  Refinery  
  100  8:37  SCV, Marine x3  
  100  8:40  SCV x2  
  106  8:42  Marine  
  106  8:47  Supply Depot  
  107  8:49  SCV  
  107  8:55  Marine x2  
  109  8:56  SCV x2  
  109  8:58  Marine x2  
  109  8:59  Marine x3  
  109  9:00  Marine, Siege Tank  
  109  9:01  SCV  
  121  9:03  Armory  
  121  9:07  Factory  
  121  9:11  Command Center  
  121  9:13  Marine  
  121  9:14  Marine  
  121  9:16  Supply Depot, Marine x3  
  121  9:17  Supply Depot  
  126  9:22  Marine  
  126  9:23  Marine  
  129  9:30  Marine  
  129  9:31  Marine  
  129  9:32  Siege Tank  
  129  9:34  Marine x3  
  129  9:35  Barracks Reactor  
  136  9:40  Marine x2  
  133  9:48  Marine  
  133  9:49  Marine  
  133  9:52  Medivac x2, Marine x2  
  131  9:56  Factory Tech Lab  
  129  10:00  Marine x2  
  129  10:01  Marine  
  129  10:05  Barracks, Terran Infantry Weapons Level 2, Siege Tank  
  129  10:06  Terran Infantry Armor Level 2, Barracks  
  135  10:08  Barracks  
  135  10:09  Marine  
  135  10:10  Marine x2  
  138  10:15  Siege Tank  
  138  10:16  Marine x2  
  138  10:18  Marine  
  138  10:19  Marine  
  145  10:22  Marine x2  
  147  10:28  Marine  
  147  10:29  Marine x2  
  147  10:34  Marine x2  
  149  10:36  Marine x2  
  149  10:37  Siege Tank  
  149  10:40  Marine x2  
  149  10:42  Missile Turret  
  153  10:44  Missile Turret  
  153  10:45  Missile Turret  
  153  10:48  Marine x3  
  156  10:54  Siege Tank  
  156  10:56  Marine x3  
  162  10:59  SCV x2  
  162  11:01  Missile Turret x2  
  162  11:02  Missile Turret  
  162  11:04  Marine x5  
  163  11:11  Supply Depot  
  167  11:18  Marine x4  
  167  11:19  Marine  
  172  11:31  Marine  
  172  11:32  Marine x6  
  178  11:36  Marine x5, Siege Tank  
  162  11:49  Marine  
  162  11:50  Marine x4  
  162  11:52  Marine  
  121  11:54  Marine x6  
  114  12:07  Marine x5  
  107  12:09  Marine  
  107  12:12  Marine x6  
Show
View Real Time Build Order
Export as new Build Order

GogojOey Zerg - Winner!

Build Orders: Hatch First, Ravager All-In 

Get SALT Encoding   

  12  0:00  Drone  
  13  0:12  Overlord  
  13  0:17  Drone  
  14  0:31  Drone x2  
  16  0:49  Hatchery  
  15  0:52  Drone  
  15  0:55  Drone  
  17  0:59  Drone  
  18  1:09  Extractor  
  17  1:14  Spawning Pool  
  16  1:18  Drone  
  16  1:20  Drone  
  18  1:28  Drone  
  19  1:39  Drone  
  20  1:50  Drone  
  21  2:00  Queen  
  21  2:01  Zergling x4, Queen  
  27  2:11  Overlord  
  27  2:25  Drone  
  28  2:30  Drone x2  
  28  2:33  Drone x2  
  28  2:35  Hatchery  
  31  2:41  Queen  
  33  2:46  Overlord  
  33  2:53  Drone  
  33  2:54  Metabolic Boost  
  33  2:56  Drone  
  35  3:00  Drone  
  35  3:05  Drone x2  
  37  3:10  Drone x2  
  37  3:11  Drone x2  
  41  3:16  Drone x2  
  43  3:22  Roach Warren  
  43  3:23  Drone  
  43  3:26  Extractor  
  42  3:27  Drone  
  42  3:28  Extractor  
  42  3:29  Drone  
  42  3:34  Overlord  
  43  3:50  Drone x2  
  43  3:51  Queen  
  43  3:52  Zergling x2  
  43  3:53  Overlord x2  
  48  4:04  Roach x3  
  48  4:05  Roach  
  48  4:09  Overlord  
  56  4:12  Roach x2  
  56  4:15  Zergling x4  
  62  4:22  Zergling x8  
  62  4:23  Zergling x2  
  67  4:32  Zergling x8  
  67  4:34  Ravager x2, Roach  
  67  4:35  Ravager x2  
  75  4:38  Overlord  
  75  4:42  Drone x2  
  77  4:51  Ravager  
  77  4:52  Zergling x6  
  81  4:54  Ravager  
  81  4:55  Zergling x2  
  81  4:59  Zergling x10  
  87  5:11  Zergling x6  
  90  5:20  Overlord x2  
  90  5:21  Overlord  
  90  5:31  Overlord  
  90  5:35  Ravager  
  88  5:37  Zergling x2  
  88  5:38  Zergling x2  
  88  5:40  Overlord  
  88  5:41  Drone x6  
  96  5:44  Drone x3  
  96  5:45  Evolution Chamber  
  96  5:48  Evolution Chamber  
  88  5:51  Drone x4  
  88  5:56  Zergling x4  
  90  6:00  Zergling x2  
  81  6:05  Drone x2  
  78  6:12  Drone x8  
  78  6:16  Zerg Ground Armor Level 1  
  85  6:18  Zerg Melee Weapons Level 1  
  85  6:23  Lair  
  79  6:36  Drone x8  
  79  6:38  Extractor x2  
  79  6:47  Baneling Nest  
  78  6:48  Drone x9  
  78  6:50  Spore Crawler  
  78  6:51  Roach  
  78  6:52  Roach  
  90  6:55  Roach  
  92  7:04  Zergling x6, Spore Crawler  
  94  7:09  Zergling x6  
  94  7:12  Ravager  
  94  7:13  Ravager  
  94  7:14  Zergling x6  
  94  7:15  Hatchery  
  101  7:21  Zergling x4  
  101  7:22  Zergling x10  
  108  7:27  Queen  
  108  7:29  Centrifical Hooks  
  110  7:31  Baneling x4  
  110  7:32  Baneling x5  
  110  7:33  Ravager  
  110  7:35  Extractor  
  109  7:41  Zergling x14  
  109  7:42  Zergling x2  
  109  7:44  Baneling x3  
  113  7:57  Drone x2  
  115  7:59  Spore Crawler  
  115  8:01  Drone  
  105  8:15  Zergling x20  
  105  8:19  Zerg Ground Armor Level 2, Zerg Melee Weapons Level 2  
  109  8:24  Drone x2  
  109  8:25  Drone x2  
  109  8:26  Drone  
  114  8:27  Baneling x9  
  114  8:32  Queen  
  116  8:38  Baneling x4  
  116  8:39  Baneling x5  
  116  8:47  Drone  
  116  8:48  Drone x3  
  119  8:52  Spore Crawler  
  112  8:56  Drone x3  
  112  8:57  Drone  
  112  8:58  Drone x3, Spire  
  112  8:59  Drone  
  119  9:06  Overlord x2  
  119  9:13  Overlord  
  119  9:17  Overlord  
  119  9:21  Infestation Pit  
  119  9:22  Overlord x2  
  118  9:25  Baneling x2  
  116  9:33  Zergling x2  
  116  9:34  Zergling x32  
  132  9:38  Zergling x2  
  129  9:47  Zergling x2  
  129  9:48  Zergling x14  
  129  9:49  Queen  
  129  9:51  Zergling x2  
  134  9:57  Zergling x10  
  137  10:13  Mutalisk x8  
  153  10:15  Zerg Flyer Weapons Level 1  
  153  10:18  Mutalisk  
  154  10:24  Mutalisk x3  
  154  10:25  Mutalisk  
  159  10:30  Overlord x3  
  158  10:43  Overlord  
  158  10:45  Mutalisk  
  158  10:48  Overlord  
  158  10:49  Hive  
  160  10:52  Drone  
  160  10:53  Drone x4  
  160  10:55  Extractor  
  160  10:56  Mutalisk  
  160  10:57  Mutalisk x3  
  164  10:58  Zergling x2  
  164  10:59  Zergling x6  
  164  11:00  Baneling  
  164  11:01  Baneling x2  
  164  11:02  Pneumatized Carapace  
  164  11:03  Overseer  
  164  11:04  Overseer  
  176  11:06  Hatchery  
  176  11:08  Zergling x8  
  178  11:14  Mutalisk  
  179  11:22  Mutalisk x2  
  183  11:25  Zergling x4  
  183  11:26  Zergling x14  
  188  11:35  Mutalisk x2  
  188  11:37  Zergling x2  
  191  11:40  Baneling x3  
  174  11:51  Mutalisk x2  
  174  11:53  Zergling x24  
  173  11:54  Baneling  
  173  11:55  Baneling  
  170  12:02  Mutalisk  
  170  12:05  Zergling x10  
  170  12:07  Baneling x4  
  170  12:17  Zergling x2  
  170  12:18  Zergling x6  
  170  12:19  Drone  
Tags
 
Add a new tag
Caveats
  • Supply blocks, unpowered buildings, or Contaminate may cause inaccurate times.
  • Supply counts are checked every 10 seconds.